 Dungeon Crawl Stone Soup version 0.31-a0-799-g6bc09d010c (webtiles) character file.

Game seed: 18313198635690022739

94009 freelancePsychic the Warrior (level 15, 0/134 (141) HPs)
             Began as a Demigod Fire Elementalist on Sept 19, 2023.
             Slain by an orc warlord
             ... wielding a +0 war axe
              (43 damage)
             ... on level 11 of the Dungeon.
             The game lasted 00:54:17 (31417 turns).

freelancePsychic the Warrior (DgFE)                Turns: 31417, Time: 00:54:17

HP:   0/134 (141)   AC: 17    Str:  9    XL:     15   Next: 19%
MP:   26/32         EV: 20    Int: 37    God:
Gold: 32            SH:  0    Dex: 14    Spells: 17/32 levels left

rFire   + . .        M - +9 eveningstar (spect)
rCold   x . .        (no shield)
rNeg    . . .        x - +0 acid dragon scales
rPois   .            T - +0 mask of the Dragon {Will+ Slay+3 SInv}
rElec   .            d - +2 cloak
rCorr   +            w - +2 pair of gloves
SInv    +            E - +2 pair of boots
Will    ++...        A - amulet of magic regeneration
Stlth   ++           f - ring of fire
HPRegen 0.42/turn    c - +5 ring of evasion
MPRegen 0.63/turn

%: no passive effects
@: lightly drained
A: high MP 1, forlorn, divine attributes
a: no special abilities


You were on level 11 of the Dungeon.
You visited 3 branches of the dungeon, and saw 21 of its levels.
You also visited: Ossuary, Bailey and Ice Cave.

You collected 1700 gold pieces.
You spent 1668 gold pieces at shops.

Inventory:

Hand Weapons
 M - a +9 spectral eveningstar (weapon)
Armour
 d - a +2 cloak (worn)
 r - a +0 kite shield of cold resistance
 w - a +2 pair of gloves (worn)
 x - +0 acid dragon scales (worn)
 D - a scarf of resistance
 E - a +2 pair of boots (worn)
 T - the +0 mask of the Dragon (worn) {Will+ Slay+3 SInv}
   (You acquired it in a bailey)

   Slay+3:    It affects your accuracy & damage with ranged weapons and melee
   (+3).
   Will+:     It increases your willpower.
   SInv:      It lets you see invisible.
Jewellery
 c - a +5 ring of evasion (right hand)
 f - a ring of fire (left hand)
 A - an amulet of magic regeneration (around neck)
 C - a +5 ring of evasion
 Q - a +5 ring of evasion
Wands
 j - a wand of digging (4)
 k - a wand of quicksilver (17)
 l - a wand of flame (46)
 y - a wand of roots (16)
 R - a wand of charming (18)
 U - a wand of polymorph (12)
 Z - a wand of mindburst (11)
Scrolls
 a - 6 scrolls of identify {@r1}
 b - 3 scrolls of teleportation {@r4}
 p - 3 scrolls of revelation
 v - a scroll of amnesia
 B - 4 scrolls of noise
 G - 5 scrolls of blinking
 H - 3 scrolls of torment
 J - a scroll of vulnerability
 K - a scroll of poison
 L - a scroll of fog
 O - 2 scrolls of immolation
 P - a scroll of brand weapon
 S - 7 scrolls of fear
 W - a scroll of enchant armour
 X - a scroll of silence
 Y - a scroll of summoning
Potions
 e - 5 potions of might
 g - 4 potions of brilliance
 h - 2 potions of lignification
 i - 6 potions of curing {@q1}
 m - a potion of invisibility
 n - 2 potions of enlightenment
 o - 5 potions of mutation
 q - a potion of heal wounds {@q2}
 t - 3 potions of berserk rage
 u - a potion of haste {@q3}
 z - a potion of ambrosia {unknown}
 N - a potion of resistance {unknown}
 V - 2 potions of attraction
Miscellaneous
 s - a condenser vane
 F - a phantom mirror (inert)


   Skills:
 + Level 15.1 Fighting
 - Level 8.2 Maces & Flails
 - Level 5.2 Armour
 - Level 9.5 Dodging
 - Level 1.7 Stealth
 - Level 9.1 Spellcasting
 - Level 1.0 Conjurations
 + Level 4.3 Necromancy
 - Level 12.0 Fire Magic
 * Level 6.3 Earth Magic


You had 17 spell levels left.
You knew the following spells:

 Your Spells              Type           Power      Damage    Failure   Level
a - Dispel Undead         Necr           48%        3d18      6%          4
b - Scorch                Fire           100%       2d9       1%          2
c - Inner Flame           Hex/Fire       75%        N/A       1%          3
d - Borgnjor's Vile Clut  Necr/Erth      27%        N/A       12%         5
e - Foxfire               Conj/Fire      100%       2x1d9     1%          1

Your spell library contained the following spells:

 Spells                   Type           Power      Damage    Failure   Level
 Necrotise                Necr           100%       1d9       1%          1
 Passwall                 Tmut/Erth      33%        N/A       1%          2
 Volatile Blastmotes      Fire/Tloc      100%       2d18      1%          3
 Magic Dart               Conj           100%       1d8       2%          1
 Flame Wave               Conj/Fire      78%        2d17      2%          4
 Apportation              Tloc           32%        N/A       3%          1
 Summon Small Mammal      Summ           64%        N/A       3%          1
 Cigotuvi's Dreadful Rot  Necr/Pois/Air  54%        N/A       3%          2
 Searing Ray              Conj           50%        2d6       3%          2
 Ensorcelled Hibernation  Hex/Ice        32%        N/A       5%          2
 Lesser Beckoning         Tloc           32%        N/A       5%          2
 Dazzling Flash           Conj/Hex       40%        N/A       9%          3
 Hailstorm                Conj/Ice       20%        3d6       9%          3
 Gell's Gravitas          Tloc           16%        N/A       11%         3
 Swiftness                Air            16%        N/A       11%         3
 Teleport Other           Tloc           16%        N/A       11%         3
 Tukima's Dance           Hex            16%        N/A       11%         3
 Agony                    Necr           48%        N/A       17%         5
 Fulminant Prism          Conj/Hex       10%        3d9       28%         4
 Iskenderun's Mystic Bla  Conj/Tloc      20%        2d6       28%         4
 Dimensional Bullseye     Hex/Tloc       8%         N/A       36%         4
 Summon Ice Beast         Ice/Summ       16%        N/A       36%         4
 Alistair's Intoxication  Tmut/Pois      10%        N/A       71%         5
 Silence                  Hex/Air        8%         N/A       71%         5
 Simulacrum               Ice/Necr       16%        N/A       93%         6
 Eringya's Noxious Bog    Tmut/Pois      8%         4d6       99%         6
 Chain Lightning          Conj/Air       10%        3d13      100%        9
 Fire Storm               Conj/Fire      39%        8d10      100%        9
 Shatter                  Erth           29%        3d24*     100%        9


Dungeon Overview and Level Annotations

Branches:
Dungeon (15/15)            Temple (0/1) D:4            Lair (5/5) D:9
  Swamp (0/4) Lair:3        Snake (0/4) Lair:2        Slime (0/5) Lair:4
    Orc (1/2) D:11         Vaults (0/5) D:14         Depths (0/4) D:15
Ossuary (visited)          Bailey (visited)           IceCv (visited)

Shops:
D:7 [   D:8 ![   D:10 ?   D:13 :!?   D:14 *

Portals:
Abyss: D:15

Annotations:
D:2 Terence
D:4 3 runed translucent doors, pigah's ghost, amateur OpSh
D:13 exclusion: statue
D:15 2 transporters, Xiynir's ghost, adept VSSh


Innate Abilities, Weirdness & Mutations

You have an increased reservoir of magic. (+10% MP)
You shall have no god before yourself.
Your divine heritage dramatically boosts your attributes as you level up.


Message History

Aiming: Borgnjor's Vile Clutch (dangerous; 12% risk of failure)
Press: ? - help, Q - select action, (/) - cycle Shift-Dir - straight line, f/p - orc warrior
Aim: an orc warrior, wielding a +0 flail and wearing a +0 plate armour (inner flame, strong, 100% to hit)
Zombie hands grab the orc.
Zombie hands grab the orc warrior.
The zombie hands constrict the orc.
The zombie hands constrict the orc warlord.
The zombie hands constrict the orc warrior.
Flame seeps out of the orc warrior.
The zombie hands release their grip on the orc warlord.
The orc warrior is engulfed in blazing flames.
Flame seeps out of the orc warrior.
The orc warrior struggles to escape constriction.
The orc misses you.
The zombie hands constrict the orc.
You kill the orc!
The zombie hands constrict the orc warrior.
Flame seeps out of the orc warrior.
The orc warrior is engulfed in blazing flames.
Flame seeps out of the orc warrior.
The orc warrior struggles to escape constriction.
The orc warlord attacks as it pursues you!
The orc warlord hits you with a +0 war axe!
The orc warlord blocks your attack.
The orc warlord is moderately wounded.
Your +9 spectral eveningstar hits the orc warlord.
The zombie hands constrict the orc warrior.
The orc warlord hits you with a +0 war axe!
The orc warlord barely misses your +9 spectral eveningstar.
The orc warrior explodes!
The orc warlord blocks your attack.
The orc warlord is moderately wounded.
Your +9 spectral eveningstar hits the orc warlord.
The orc warlord hits you but does no damage.
The orc warlord misses your +9 spectral eveningstar.
As you read the scroll of fear, it crumbles to dust.
You assume a fearsome visage.
The orc warlord resists with almost no effort.
Your +9 spectral eveningstar disappears.
The orc warlord hits you with a +0 war axe!!!
You die...

#. #.
####################
#.~...#.............
#≈...!#.............
###..........[.....##.
#.#....[......[...!...
#!#.#...).............
#!#.#@o§§§!...........
#!'!#.!§>§............
######################


You could see an orc warlord (strong).

Vanquished Creatures
  Jorgrun (D:13)
  Kirke (D:12)
  An orc warlord (Bailey)
  A stone giant (D:15)
  An ettin (Orc:1)
  Josephine (Orc:1)
  3 hydras
  2 vault guards (D:13)
  An ironbound frostheart (D:14)
  An ogre mage (D:15)
  4 boulder beetles
  3 centaur warriors
  7 two-headed ogres
  A death knight (D:14)
  3 tengu warriors
  12 death yaks
  4 skeletal warriors (D:15)
  4 skysharks
  A bog body (Lair:3)
  2 harpies (shapeshifter)
  A wizard (D:15)
  An orc knight (Bailey)
  2 orc sorcerers
  3 ugly things
  A deep elf pyromancer (D:12)
  An oklob plant (Lair:3)
  A salamander (Lair:2)
  A manticore (D:13)
  3 ice statues (IceCv)
  12 elephants
  6 cyclopes
  6 black mambas
  4 torpor snails
  Joseph (D:9)
  17 cane toads
  Maggie (D:6)
  A cane toad (shapeshifter) (D:14)
  4 unseen horrors
  Psyche (D:11)
  2 kobold demonologists
  An unseen horror (shapeshifter) (D:14)
  A tengu conjurer (D:10)
  11 komodo dragons
  2 rime drakes
  2 ice devils (D:11)
  An anaconda simulacrum (IceCv)
  4 freezing wraiths
  3 polar bears
  3 hornets
  4 trolls
  2 tyrant leeches (Lair:5)
  46 blink frogs
  Grinder (D:4)
  9 slime creatures
  A shadow (D:12)
  6 wraiths
  A dire elephant simulacrum (IceCv)
  3 vampires (D:14)
  Sigmund (D:4)
  36 yaks
  2 wyverns
  4 humans
  13 vampire mosquitoes
  5 basilisks
  A steam dragon (Lair:4)
  A death yak simulacrum (IceCv)
  A harpy simulacrum (IceCv)
  A warg (D:11)
  3 acid dragons
  12 water moccasins
  A meliai simulacrum (D:15)
  A swamp drake (D:11)
  23 orc warriors
  2 ice beasts (D:6)
  8 ogres
  10 centaurs
  4 wolves (Lair:3)
  3 phantoms
  6 kobold brigands
  22 bullfrogs
  2 gnoll sergeants
  2 scorpions
  2 cane toad simulacra (IceCv)
  4 water moccasin zombies (Ossuary)
  6 wights (D:9)
  5 killer bees
  An elephant simulacrum (IceCv)
  9 howler monkeys
  2 electric eels
  A jelly (D:5)
  3 lava snakes (Lair:2)
  A hound (D:6)
  2 gnoll boudas
  7 orc priests
  An iguana (D:5)
  12 orc wizards
  3 sleepcaps
  3 mummies
  Robin (D:2)
  26 gnolls
  8 adders
  2 shadow imps
  A white imp (D:5)
  4 ufetubi
  6 adder zombies (Ossuary)
  A worm (D:3)
  A dart slug (D:3)
  79 orcs
  9 bats
  6 endoplasms
  6 giant cockroaches (D:2)
  A gnoll zombie (Ossuary)
  27 goblins
  27 hobgoblins
  A jackal (D:1)
  3 quokkas (D:1)
  6 ball pythons
  3 frilled lizards (D:1)
  A goblin zombie (D:5)
  6 hobgoblin zombies
  23 kobolds
  5 kobold zombies (Ossuary)
  6 orc zombies (Ossuary)
  8 rats
  A spectral kobold (D:3)
  A butterfly (Lair:2)
719 creatures vanquished.

Vanquished Creatures (collateral kills)
  4 foxfires
4 creatures vanquished.

Vanquished Creatures (others)
  3 humans (D:12)
  An orc priest (Orc:1)
  An orc (Orc:1)
  707 foxfires
  3 spectral weapons
715 creatures vanquished.

Grand Total: 1438 creatures vanquished

Notes
Turn   | Place    | Note
-------+----------+-------------------------------------------
     0 | D:1      | freelancePsychic the Demigod Fire Elementalist began the
                  | quest for the Orb.
     0 | D:1      | Reached XP level 1. HP: 14/14 MP: 5/5
   496 | D:1      | Reached XP level 2. HP: 22/22 MP: 2/7
   699 | D:1      | Reached skill level 1 in Fighting
  1224 | D:1      | Learned a level 2 spell: Scorch
  1249 | D:2      | Noticed Robin
  1464 | D:2      | Reached XP level 3. HP: 24/28 MP: 6/9
  1730 | D:2      | Killed Robin
  1906 | D:2      | Reached skill level 2 in Fighting
  1906 | D:2      | Reached XP level 4. HP: 36/36 MP: 4/10
  2137 | D:2      | Learned a level 3 spell: Inner Flame
  2150 | D:2      | Noticed Terence
  2983 | D:3      | Reached XP level 5. HP: 42/42 MP: 12/12
  3470 | D:3      | Reached skill level 3 in Fighting
  3899 | D:4      | Noticed an ogre
  3903 | D:4      | Killed an ogre
  3904 | D:4      | Reached XP level 6. HP: 51/51 MP: 5/14
  4289 | D:4      | Noticed Grinder
  4295 | D:4      | Killed Grinder
  4296 | D:4      | Reached skill level 4 in Fighting
  4296 | D:4      | Reached XP level 7. HP: 59/59 MP: 2/16
  4417 | D:4      | Reached skill level 5 in Fire Magic
  4600 | D:4      | Noticed Sigmund
  4605 | D:4      | Killed Sigmund
  4709 | D:4      | Found a staircase to the Ecumenical Temple.
  4755 | D:4      | Identified the +1 ring mail "Iqiteof" {rElec rPois Str-4
                  | Int+3}
  4841 | D:4      | Noticed pigah's ghost (amateur OpSh)
  4842 | D:4      | Found a runed translucent gate.
  4843 | D:4      | Found a runed translucent gate.
  4844 | D:4      | Found a runed translucent gate.
  4966 | D:5      | Entered Level 5 of the Dungeon
  5189 | D:5      | Found a sand-covered staircase.
  5218 | Ossuary  | Entered an ossuary
  5235 | Ossuary  | Reached skill level 5 in Fighting
  5329 | Ossuary  | Reached skill level 5 in Spellcasting
  5329 | Ossuary  | Reached XP level 8. HP: 63/68 MP: 6/19
  6368 | D:6      | Reached skill level 6 in Fighting
  6592 | D:6      | Noticed Maggie
  6603 | D:6      | Killed Maggie
  6604 | D:6      | Reached XP level 9. HP: 74/78 MP: 2/22
  6794 | D:6      | You fall into a shaft and drop 3 floors!
  6824 | D:9      | Found a staircase to the Lair.
  7163 | D:8      | Found Nyat's Armour Boutique.
  7164 | D:8      | Found Giyh's Distillery.
  7168 | D:8      | Bought a +1 helmet for 172 gold pieces
  7184 | D:8      | Bought a potion of heal wounds for 55 gold pieces
  7184 | D:8      | Bought a potion of might for 44 gold pieces
  7394 | D:8      | Reached skill level 7 in Fighting
  7467 | D:8      | Noticed a kobold demonologist
  7470 | D:8      | Killed a kobold demonologist
  7668 | D:7      | Reached skill level 1 in Conjurations
  7969 | D:7      | Found Jeuha's Armour Boutique.
  8040 | D:7      | Bought a +0 pair of boots for 49 gold pieces
  9160 | D:8      | Reached skill level 8 in Fighting
  9160 | D:8      | Reached XP level 10. HP: 66/88 MP: 12/25
  9356 | D:9      | Noticed Joseph
  9363 | D:9      | Killed Joseph
  9576 | D:9      | Noticed a cyclops
  9579 | D:9      | Killed a cyclops
  9778 | D:9      | Noticed a two-headed ogre
  9787 | D:9      | Killed a two-headed ogre
 10204 | D:10     | Entered Level 10 of the Dungeon
 10235 | D:10     | Found a flagged portal.
 10242 | Bailey   | Entered a bailey
 10258 | Bailey   | Reached skill level 9 in Fighting
 10431 | Bailey   | Noticed an orc knight
 10439 | Bailey   | Killed an orc knight
 10513 | Bailey   | Noticed an orc warlord
 10534 | Bailey   | Killed an orc warlord
 10630 | Bailey   | Reached XP level 11. HP: 85/97 MP: 21/28
 10720 | Bailey   | Identified the +4 hand axe of Joakolue {heavy, rPois Dex+2}
 10808 | Bailey   | Acquired the +0 mask of the Dragon {Will+ Slay+3 SInv}
 10808 | Bailey   | Found the +0 mask of the Dragon {Will+ Slay+3 SInv}
 11262 | D:10     | Reached skill level 10 in Fire Magic
 11308 | D:10     | Found Ilittuly's Magic Scroll Emporium.
 11311 | D:10     | Bought a scroll of blinking for 90 gold pieces
 11311 | D:10     | Bought a scroll of enchant armour for 90 gold pieces
 11311 | D:10     | Bought a scroll of summoning for 114 gold pieces
 12007 | Lair:1   | Entered Level 1 of the Lair of Beasts
 12113 | Lair:1   | Reached skill level 10 in Fighting
 13754 | Lair:2   | Noticed a skyshark
 13759 | Lair:2   | Killed a skyshark
 13817 | Lair:2   | Noticed a seven-headed hydra
 13829 | Lair:2   | Killed a seven-headed hydra
 14051 | Lair:2   | Reached skill level 11 in Fighting
 14051 | Lair:2   | Reached skill level 5 in Dodging
 14064 | Lair:2   | Reached XP level 12. HP: 91/110 MP: 25/29
 14593 | Lair:2   | Found a staircase to the Snake Pit.
 14787 | Lair:2   | You fall into a shaft and drop 1 floor!
 15251 | Lair:3   | Identified the +10 war axe of Ovotirex {protect, Int+3
                  | Stlth+}
 16059 | Lair:3   | Found a staircase to the Swamp.
 16069 | Lair:3   | Reached skill level 12 in Fighting
 16550 | Lair:4   | Reached skill level 1 in Maces & Flails
 17629 | Lair:4   | Found a staircase to the Slime Pits.
 17641 | Lair:4   | Reached XP level 13. HP: 63/119 MP: 28/30
 18964 | Lair:5   | Entered Level 5 of the Lair of Beasts
 19853 | Lair:4   | Reached skill level 13 in Fighting
 20062 | Lair:5   | Reached skill level 5 in Maces & Flails
 20602 | Lair:5   | Reached skill level 1 in Armour
 21677 | D:11     | Reached XP level 14. HP: 130/130 MP: 21/31
 21682 | D:11     | Found a frozen archway.
 21691 | IceCv    | Entered an ice cave
 22628 | D:11     | Reached skill level 14 in Fighting
 23049 | D:11     | Noticed Psyche
 23057 | D:11     | Killed Psyche
 23148 | D:11     | Found a staircase to the Orcish Mines.
 23148 | D:11     | Found the +6 shillelagh "Devastator" {shatter}
 23368 | Orc:1    | Entered Level 1 of the Orcish Mines
 23370 | Orc:1    | Noticed Josephine
 23383 | Orc:1    | Killed Josephine
 23383 | Orc:1    | Noticed an orc warlord
 23831 | D:12     | Noticed Kirke
 24113 | D:12     | Killed Kirke
 24327 | D:12     | Reached skill level 5 in Armour
 25324 | D:13     | Found Ywkupheu's Book Boutique.
 25332 | D:13     | Bought Great Wizards, Vol. II for 494 gold pieces
 25513 | D:13     | Noticed Jorgrun
 25529 | D:13     | Killed Jorgrun
 25530 | D:13     | Reached skill level 1 in Earth Magic
 25533 | D:13     | Reached skill level 1 in Necromancy
 25795 | D:13     | Found Mameho's Magic Scroll Shoppe.
 25817 | D:13     | Learned a level 5 spell: Borgnjor's Vile Clutch
 25817 | D:13     | Bought a scroll of blinking for 90 gold pieces
 25817 | D:13     | Bought a scroll of enchant armour for 90 gold pieces
 25922 | D:13     | Found a transporter.
 25922 | D:13     | Found Saiwal's Distillery.
 26199 | D:13     | Found a transporter.
 26764 | D:14     | Found Zeijyhos's Blood Bar.
 27604 | D:13     | Bought a potion of heal wounds for 50 gold pieces
 28912 | D:14     | Found a gate to the Vaults.
 28973 | D:15     | Entered Level 15 of the Dungeon
 29036 | D:15     | Identified the +6 spear of Quorius {freeze, Str-3 Dex+4}
 29540 | D:15     | Reached skill level 5 in Earth Magic
 29610 | D:15     | Found a transporter.
 29664 | D:15     | Found a transporter.
 29674 | D:15     | Reached XP level 15. HP: 138/139 MP: 32/32
 29704 | D:15     | Found a one-way gate to the infinite horrors of the Abyss.
 29706 | D:15     | Noticed a tentacled starspawn
 29836 | D:15     | Found a staircase to the Depths.
 30038 | D:15     | Noticed an Executioner
 30149 | D:14     | Bought the Lessons on Sciomancy for 330 gold pieces
 30154 | D:14     | Learned a level 4 spell: Dispel Undead
 30249 | D:15     | Reached skill level 15 in Fighting
 30516 | D:15     | Noticed Xiynir's ghost (adept VSSh)
 31417 | D:11     | Slain by an orc warlord

Illustrated notes

Levels and vault maps discovered:
D:1:      minmay_arrival_semitransparent, layout_basic
D:2:      layout_basic, uniq_robin, uniq_terence
D:3:      layout_loops_ring, nicolae_hepliaklqana_monster_ancestors,
          mainiacjoe_overflow_catwalk_spiral, nicolae_ecumenical_pavilion,
          moated_statue, serial_park_tiny_1, minmay_misc_feat_nine_boxes
D:4:      layout_cave_pools, minmay_temple_entry_drinking_statues,
          biasface_ghost_orc_armoury, uniq_grinder, uniq_sigmund
D:5:      layout_basic, mainiacjoe_overflow_cross_hatched,
          nicolae_ossuary_entry_giza
D:6:      layout_basic, serial_park_tiny_2, kennysheep_generic_room_9,
          uniq_maggie
D:7:      layout_rooms, serial_shops, nicolae_shop_back_alley_shop,
          skrybe_limestone_x, serial_bayou_pond_a
D:8:      layout_loops_ring, hangedman_abyss_or_decor_passed,
          nicolae_wooded_promenade
D:9:      kennysheep_blocky_hall, layout_irregular_city, lair_entry_dummy,
          uniq_joseph
D:10:     layout_basic, okawaru_ov_weapons_minmay, serial_rivers,
          chequers_serial_rivers_large_b, chequers_serial_rivers_micro_a,
          chequers_serial_rivers_micro_e, chequers_serial_rivers_room_a,
          chequers_serial_rivers_small_b, enter_bailey_2, serial_shops,
          nicolae_shop_real_fake_doors, st_stairs_4
D:11:     layout_loops_ring, erik_orc_1, portal_ice_cave_demonic_guard,
          uniq_psyche
D:12:     layout_basic, serial_co_window_serial, co_window_corner_a,
          co_window_paths_a, co_window_corner_a, co_window_paths_b,
          co_window_of_opportunity_a, co_window_corner_a, co_window_paths_b,
          co_window_unsneaky_path_d, co_window_corner_b, co_window_2corner,
          glass_columns_c, glass_columns_c, glass_columns_a, uniq_kirke
D:13:     layout_loops_ring, serial_shops, nicolae_shop_drivethru, shop, shop,
          drop_trap, grunt_ministairs_1, vehumet_statue, uniq_jorgrun
D:14:     layout_gridville, hellmonk_vaults_keyhole, doesnt_xom_only_xom,
          guppyfry_shop_blood
D:15:     grunt_enter_depths_snipers, layout_irregular_city,
          gammafunk_ghost_abyssal_escape, hangedman_decor_push
Lair:1:   layout_small_grid
Lair:2:   layout_cave_pods, nicolae_snake_entry_warm_welcome,
          beast_lair_carwin_11, lemuel_fruit_fields
Lair:3:   layout_roguey, skrybe_swamp_entry_bodies, st_stairs_13
Lair:4:   layout_loops_ring, slime_entry_1, kennysheep_snail_temple
Lair:5:   minmay_lair_end_frog_pond, layout_gridlike
Orc:1:    layout_caves, uniq_josephine

Skill      XL: |  1  2  3  4  5  6  7  8  9 10 11 12 13 14 15 |
---------------+----------------------------------------------+-----
Spellcasting   | 2 3 4 5 6 7 8 9 |  9.1
Fighting       | 1 2 3 4 5 6 8 9 11 12 13 14 15 | 15.1
Fire Magic     | 3 4 5 7 8 9 11 12 | 12.0
Conjurations   | 1 |  1.0
Dodging        | 5 7 9 |  9.5
Maces & Flails | 2 6 8 |  8.2
Armour         | 2 5 |  5.2
Earth Magic    | 5 6 |  6.3
Necromancy     | 3 4 |  4.3
Stealth        | |  1.7

Action                     |  1- 3 |  4- 6 |  7- 9 | 10-12 | 13-15 || total
---------------------------+-------+-------+-------+-------+-------++-------
  Melee: Unarmed           |     8 |       |       |       |       ||     8
         Dagger            |    11 |    91 |    48 |       |       ||   150
         Punch             |     1 |     1 |       |       |     8 ||    10
         Eveningstar       |       |       |       |    14 |   377 ||   391
   Fire: Sling             |       |       |    40 |    85 |       ||   125
   Cast: Foxfire           |    61 |    58 |    65 |   163 |    58 ||   405
         Scorch            |    14 |    30 |    97 |   168 |   147 ||   456
         Inner Flame       |       |     5 |    42 |   139 |   135 ||   321
         Borgnjor's Vile C |       |       |       |       |    16 ||    16
         Dispel Undead     |       |       |       |       |     9 ||     9
  Evoke: Wand              |       |       |       |     1 |     5 ||     6
         Phantom mirror    |       |       |       |       |     1 ||     1
    Use: Potion            |     1 |       |     3 |     3 |     5 ||    12
         Scroll            |     1 |     5 |     9 |    10 |    26 ||    51
   Stab: Sleeping          |     1 |       |     1 |       |     2 ||     4
         Distracted        |       |       |       |       |     4 ||     4
 Armour: Robe              |    23 |    56 |    36 |       |       ||   115
         Acid dragon scale |       |       |    32 |   191 |   493 ||   716
  Dodge: Dodged            |    23 |    86 |   103 |   156 |   659 ||  1027

Table legend: (Time is in decaauts)
 A = Elapsed time spent in this place.
 B = Non-inter-level travel time spent in this place.
 C = Inter-level travel time spent in this place.
 D = Time resting spent in this place.
 E = Time spent auto-exploring this place.
 F = Levels seen in this place.
 G = Mean time per level.
                   A        B        C        D        E       F      G
               +--------+--------+--------+--------+--------+-----+--------+
         Total |  31707 |  30128 |   1579 |   3623 |  21725 |  24 | 1321.1 |
       Dungeon |  20351 |  19174 |   1177 |   2690 |  13562 |  15 | 1356.7 |
          Lair |   9582 |   9181 |    401 |    933 |   6975 |   5 | 1916.4 |
  Orcish Mines |     50 |     50 |      0 |      0 |      0 |   1 |   50.0 |
       Ossuary |    488 |    488 |      0 |      0 |    417 |   1 |  488.0 |
        Bailey |    689 |    689 |      0 |      0 |    422 |   1 |  689.0 |
      Ice Cave |    544 |    544 |      0 |      0 |    349 |   1 |  544.0 |
               +--------+--------+--------+--------+--------+-----+--------+

Top non-repeatable levels by time:
  Lair:3: 2539 daAuts
  Lair:4: 2507 daAuts
    D:11: 2469 daAuts
    D:13: 2336 daAuts
  Lair:1: 1688 daAuts
  Lair:5: 1629 daAuts
     D:1: 1603 daAuts
    D:14: 1584 daAuts
     D:3: 1540 daAuts
    D:12: 1509 daAuts
    D:15: 1383 daAuts
  Lair:2: 1216 daAuts
    D:10: 1192 daAuts
     D:8: 1160 daAuts
     D:2: 1032 daAuts
